Map: Inside and Out

Players

binski - Winner!

  • Race: Terran Terran
  • Spawn Location: 1:00

Epic

  • Race: Terran Terran
  • Spawn Location: 7:00

Event: DreamHack SC2 Masters 2022 Atlanta (Offline)

VOD

Have the link to the VOD?

Description

Time

  • Played on: Nov. 18, 2022, 3:46 p.m.
  • Length: 17:58

All games in this series

Show
View Real Time Build Order
Export as new Build Order

binski Terran - Winner!

Build Orders: Cyclone Opening 

Get SALT Encoding   

  12  0:00  SCV  
  13  0:12  SCV  
  14  0:16  Supply Depot  
  14  0:24  SCV  
  15  0:38  SCV  
  15  0:39  Barracks  
  15  0:42  Refinery  
  16  0:50  SCV  
  16  0:52  Refinery  
  17  1:02  SCV  
  18  1:14  SCV  
  19  1:26  Reaper, Orbital Command  
  19  1:31  Supply Depot  
  20  1:43  Factory  
  20  1:52  SCV  
  21  1:58  Reaper  
  22  2:04  SCV  
  23  2:16  SCV  
  23  2:21  Command Center  
  24  2:28  Factory Tech Lab  
  24  2:29  SCV  
  25  2:31  Barracks Reactor  
  25  2:35  Supply Depot  
  25  2:41  SCV  
  26  2:46  Cyclone  
  29  2:53  SCV  
  30  3:01  Starport  
  30  3:05  SCV  
  31  3:06  Marine  
  31  3:07  Marine  
  33  3:13  Refinery  
  33  3:17  SCV  
  34  3:22  Cyclone  
  37  3:29  SCV  
  37  3:30  Marine  
  37  3:33  Marine  
  40  3:34  SCV  
  39  3:41  SCV  
  39  3:43  Starport Tech Lab  
  39  3:46  Orbital Command  
  40  3:48  Marine  
  40  3:52  Marine  
  40  3:55  SCV  
  43  3:58  Siege Tank  
  46  4:07  SCV  
  47  4:10  Marine x2  
  47  4:11  SCV  
  50  4:18  Supply Depot  
  50  4:19  SCV  
  50  4:23  Raven  
  53  4:26  SCV  
  54  4:35  Supply Depot  
  54  4:39  Marine  
  54  4:40  SCV x2, Siege Tank  
  54  4:41  Marine  
  54  4:44  Supply Depot  
  61  4:52  SCV  
  62  4:56  SCV  
  62  4:58  Command Center  
  63  5:03  Refinery  
  63  5:04  SCV  
  64  5:07  Marine x2  
  64  5:08  SCV, Raven  
  69  5:16  SCV  
  69  5:17  Supply Depot  
  69  5:19  Siege Tank  
  73  5:22  SCV  
  73  5:26  Supply Depot  
  75  5:28  SCV  
  75  5:34  SCV  
  72  5:40  SCV  
  73  5:46  SCV  
  74  5:50  Supply Depot  
  74  5:51  Siege Tank  
  74  5:52  SCV  
  78  5:58  SCV  
  78  6:00  Marine  
  78  6:01  Stimpack  
  80  6:04  SCV  
  80  6:06  Barracks x2  
  80  6:07  Medivac  
  80  6:09  Medivac  
  80  6:11  SCV  
  87  6:15  Orbital Command  
  87  6:17  SCV  
  87  6:23  SCV  
  88  6:29  SCV  
  88  6:31  Marine  
  89  6:33  Siege Tank  
  89  6:34  Engineering Bay x2  
  89  6:35  SCV  
  89  6:37  Supply Depot  
  93  6:41  Supply Depot, SCV  
  93  6:44  Medivac, Orbital Command  
  97  6:47  Medivac  
  97  6:48  SCV  
  97  6:53  SCV  
  100  7:00  Barracks Reactor  
  100  7:01  Barracks Reactor, SCV  
  101  7:05  SCV  
  101  7:06  Terran Infantry Weapons Level 1  
  100  7:09  Terran Infantry Armor Level 1  
  100  7:13  SCV  
  100  7:14  Marine  
  102  7:19  SCV x2, Barracks  
  102  7:21  Barracks  
  104  7:25  SCV  
  104  7:31  Refinery, SCV x2  
  104  7:35  Refinery  
  106  7:37  SCV  
  106  7:43  SCV x2  
  103  7:49  SCV  
  98  7:53  Marine x5  
  98  7:54  Medivac x2, Siege Tank  
  98  7:55  SCV x2  
  112  7:59  Armory  
  112  8:01  SCV  
  110  8:07  SCV  
  110  8:08  SCV  
  110  8:09  Barracks Reactor  
  110  8:11  Marine x4  
  112  8:13  SCV  
  112  8:15  Marine  
  112  8:18  Combat Shield  
  112  8:19  SCV  
  104  8:20  Barracks Reactor, SCV  
  104  8:23  Supply Depot  
  104  8:24  Medivac  
  104  8:26  Siege Tank  
  110  8:28  Marine x2  
  110  8:29  Command Center, Marine x2  
  110  8:33  Marine  
  109  8:40  Factory  
  109  8:46  Marine x5  
  109  8:47  Marine  
  113  8:51  Marine  
  98  8:56  Medivac x2  
  98  8:57  Marine  
  98  8:58  Siege Tank  
  98  8:59  Marine  
  107  9:04  Marine x5  
  107  9:06  Marine  
  107  9:09  Terran Infantry Weapons Level 2, Marine  
  114  9:11  Terran Vehicle Weapons Level 1  
  114  9:15  Marine  
  115  9:17  Terran Infantry Armor Level 2, Marine  
  115  9:18  Supply Depot  
  115  9:21  Marine  
  115  9:22  Marine x4  
  115  9:24  Marine  
  121  9:27  Marine  
  121  9:30  Factory Tech Lab  
  123  9:33  Marine  
  123  9:35  Marine  
  123  9:36  Sensor Tower, Siege Tank  
  118  9:39  Marine x2  
  118  9:40  Marine x3  
  118  9:41  Marine  
  118  9:44  Marine  
  125  9:46  Medivac  
  125  9:47  Medivac  
  125  9:51  Marine  
  125  9:52  SCV x2  
  132  9:53  Refinery, Marine  
  132  9:54  Refinery  
  132  9:57  Marine x3  
  132  9:58  SCV, Marine  
  138  10:00  Marine x2  
  138  10:02  Marine  
  138  10:04  SCV x2  
  141  10:07  Missile Turret  
  141  10:09  Marine  
  141  10:10  SCV, Missile Turret  
  141  10:12  Siege Tank  
  141  10:13  Siege Tank  
  148  10:18  Marine x3  
  148  10:19  Marine x3  
  154  10:21  Marine  
  154  10:22  Marine  
  154  10:25  Medivac  
  154  10:26  Supply Depot  
  158  10:30  Planetary Fortress  
  155  10:36  Marine  
  155  10:37  Marine x2  
  152  10:44  Siege Tank, Marine x3  
  152  10:45  Siege Tank  
  152  10:46  Marine x2  
  152  10:47  Marine  
  162  10:54  Marine  
  162  10:55  Marine x2  
  163  11:01  Marine  
  163  11:02  Marine x2  
  163  11:04  Marine x2  
  130  11:05  Marine  
  118  11:12  Marine  
  118  11:13  Marine x2  
  118  11:16  Command Center, Siege Tank  
  118  11:17  Siege Tank  
  127  11:19  Medivac, Marine  
  127  11:20  Marine x2  
  127  11:22  Marine x2  
  127  11:23  Marine  
  135  11:28  Terran Infantry Weapons Level 3  
  135  11:29  Marine  
  135  11:30  Terran Vehicle Weapons Level 2  
  135  11:31  Marine x2  
  138  11:33  Barracks  
  138  11:37  Marine  
  138  11:38  Marine x2  
  138  11:39  Marine  
  141  11:40  Marine  
  141  11:41  Marine  
  141  11:43  Medivac  
  146  11:47  Marine  
  146  11:48  Marine  
  146  11:49  Medivac, Siege Tank x2, Marine  
  157  11:55  Marine x2  
  157  11:56  Terran Infantry Armor Level 3, Marine  
  157  11:57  Marine x2  
  157  11:59  Marine  
  163  12:05  Marine  
  163  12:06  Marine x2  
  166  12:13  Marine x3  
  166  12:15  Marine x2  
  169  12:16  Marine  
  169  12:22  Supply Depot  
  172  12:23  Supply Depot, Medivac x2, Marine  
  172  12:24  Supply Depot, Marine x2, Starport  
  172  12:25  Starport  
  177  12:31  Marine  
  177  12:33  Marine x2  
  180  12:42  Marine  
  179  12:53  Marine x2  
  179  12:56  Marine  
  182  12:59  Marine  
  182  13:01  Marine x2  
  182  13:02  Command Center, Marine x2  
  182  13:04  Marine  
  184  13:06  Command Center  
  184  13:08  Siege Tank x2  
  184  13:09  Command Center  
  182  13:13  Marine  
  182  13:14  Marine x2  
  182  13:17  Marine  
  182  13:19  Marine x2  
  158  13:20  Marine  
  158  13:21  Marine  
  158  13:22  Marine  
  158  13:30  Barracks Reactor, Starport Tech Lab x2  
  158  13:31  Marine  
  158  13:32  Marine x2  
  158  13:35  Marine  
  158  13:37  Marine x3  
  158  13:39  Marine  
  158  13:40  Siege Tank x2, Marine  
  159  13:49  Marine x2  
  159  13:50  Marine  
  159  13:52  SCV x2  
  159  13:53  Marine  
  159  13:54  Terran Vehicle Weapons Level 3  
  159  13:55  Marine x3  
  167  13:56  Raven  
  167  13:57  Raven, Marine x2  
  167  14:00  Corvid Reactor  
  174  14:06  Marine x2  
  174  14:07  Marine x2  
  174  14:08  Marine  
  177  14:11  Missile Turret, Marine  
  177  14:12  Siege Tank, Marine  
  177  14:13  Marine  
  177  14:14  Marine  
  177  14:15  Marine x2  
  168  14:24  Marine x2  
  167  14:25  Marine x2  
  167  14:26  Marine  
  167  14:29  Marine  
  173  14:32  Marine  
  173  14:34  Siege Tank  
  174  14:44  Siege Tank  
  177  14:46  Orbital Command  
  177  14:57  Marine  
  178  15:00  Missile Turret  
  178  15:02  Marine x5  
  178  15:03  Marine x3  
  178  15:05  Missile Turret, Marine  
  187  15:14  Marine  
  187  15:15  Marine  
  187  15:19  Marine  
  187  15:20  Marine x4  
  192  15:21  Siege Tank x2  
  192  15:23  Marine x3  
  192  15:24  Marine  
  177  15:37  Marine x2  
  169  15:43  Marine x2  
  169  15:47  Marine x3  
  174  15:50  Command Center  
  174  15:53  Siege Tank x2  
  174  15:54  Marine x2  
  169  15:57  Marine  
  169  16:01  Marine x4  
  169  16:02  Marine  
  166  16:05  Marine x3  
  169  16:12  Marine x2  
  169  16:15  Marine  
  161  16:19  Marine x4  
  165  16:25  Siege Tank  
  165  16:26  Siege Tank  
  165  16:29  Marine  
  172  16:34  Marine  
  172  16:35  Marine x3  
  174  16:42  Sensor Tower, Marine  
  174  16:46  Marine x2  
  177  16:49  Marine x2  
  177  16:50  Marine  
  177  16:51  Marine  
  179  16:55  Marine  
  179  16:58  Siege Tank x2, Marine  
  179  16:59  Marine  
  184  17:25  Marine  
  184  17:27  Marine x2  
  191  17:35  Marine  
  191  17:36  Marine  
  199  17:37  Marine  
Show
View Real Time Build Order
Export as new Build Order

Epic Terran 

Build Orders:  

Get SALT Encoding   

  12  0:00  SCV  
  13  0:12  SCV  
  14  0:16  Supply Depot  
  14  0:24  SCV  
  15  0:38  SCV  
  15  0:39  Barracks  
  16  0:42  Refinery  
  16  0:50  SCV  
  16  0:53  Refinery  
  17  1:02  SCV  
  18  1:14  SCV  
  19  1:26  Reaper, Orbital Command  
  19  1:29  Supply Depot  
  20  1:41  Factory  
  20  1:52  SCV  
  21  1:59  Barracks Reactor  
  21  2:04  SCV  
  21  2:17  SCV  
  21  2:21  Command Center  
  22  2:27  Hellion  
  22  2:29  SCV  
  25  2:35  Reaper x2  
  27  2:41  SCV  
  27  2:42  Supply Depot  
  28  2:49  Hellion  
  30  2:53  SCV  
  31  3:05  SCV  
  31  3:07  Reaper x2  
  31  3:10  Hellion  
  36  3:14  Starport  
  36  3:18  SCV  
  37  3:26  Refinery  
  37  3:30  SCV  
  37  3:31  Factory Tech Lab  
  38  3:35  Orbital Command  
  36  3:42  Marine x2  
  36  3:46  SCV  
  39  3:56  Raven  
  39  3:57  Factory Tech Lab  
  39  3:59  SCV  
  39  4:00  SCV  
  43  4:04  Marine x2  
  43  4:09  Supply Depot  
  40  4:12  SCV  
  40  4:13  SCV  
  42  4:18  Siege Tank  
  45  4:25  SCV x2  
  45  4:27  Marine x2  
  45  4:30  Supply Depot  
  49  4:37  SCV  
  49  4:38  SCV  
  49  4:39  Raven  
  49  4:45  Marine x2  
  51  4:49  SCV  
  51  4:50  SCV  
  55  4:53  Siege Tank  
  56  5:01  SCV  
  56  5:02  SCV  
  56  5:07  Command Center  
  56  5:13  SCV  
  58  5:14  SCV  
  58  5:22  Refinery  
  58  5:25  Siege Tank  
  58  5:26  SCV x2  
  63  5:33  Viking x2  
  67  5:38  Supply Depot  
  67  5:39  Stimpack  
  67  5:41  SCV x2  
  67  5:50  Barracks  
  67  5:51  Barracks  
  67  5:54  SCV  
  67  5:55  SCV  
  69  5:59  Siege Tank  
  69  6:03  Viking x2  
  76  6:08  SCV x2  
  78  6:16  Supply Depot  
  78  6:18  Marine  
  78  6:21  Engineering Bay  
  78  6:22  Orbital Command  
  78  6:23  Engineering Bay  
  79  6:29  SCV x2  
  81  6:34  Siege Tank  
  81  6:37  Viking  
  81  6:38  Viking  
  88  6:40  Barracks Reactor  
  88  6:42  Barracks Reactor  
  88  6:43  SCV x2  
  90  6:47  Supply Depot  
  90  6:50  Terran Infantry Weapons Level 1  
  90  6:55  SCV x2  
  90  6:59  Terran Infantry Armor Level 1  
  92  7:06  SCV  
  92  7:07  SCV  
  94  7:09  Siege Tank  
  94  7:12  Marine  
  98  7:16  Supply Depot  
  98  7:17  Supply Depot, Barracks, Marine  
  98  7:18  Barracks, Orbital Command, Marine  
  98  7:19  Marine  
  98  7:21  Marine  
  102  7:25  SCV  
  102  7:28  Medivac  
  104  7:33  SCV  
  105  7:37  SCV  
  105  7:38  Medivac  
  101  7:46  Marine x4  
  101  7:50  Siege Tank  
  101  7:51  SCV x3  
  107  7:52  Refinery  
  107  7:54  Refinery  
  101  8:07  Marine x4  
  98  8:18  SCV x3  
  97  8:20  Armory  
  97  8:24  Barracks Tech Lab, Siege Tank  
  97  8:25  Medivac, Marine x2  
  103  8:28  Missile Turret x2  
  103  8:34  Marine x2  
  103  8:36  Medivac  
  103  8:38  SCV x3  
  110  8:45  Supply Depot  
  110  8:46  Supply Depot  
  110  8:48  Marine x3  
  107  8:52  Marine x2  
  107  8:55  SCV x3  
  108  8:56  Combat Shield  
  108  8:57  Siege Tank  
  111  9:06  Marine x3  
  114  9:10  Terran Infantry Weapons Level 2, Marine x2  
  116  9:17  Terran Infantry Armor Level 2  
  116  9:18  Command Center  
  116  9:22  Terran Vehicle Weapons Level 1  
  116  9:24  Marine x3  
  116  9:25  Barracks  
  116  9:26  Barracks  
  116  9:27  SCV, Marine x2  
  116  9:28  SCV x2  
  116  9:30  Supply Depot  
  124  9:32  Siege Tank  
  127  9:42  Medivac  
  127  9:43  Barracks  
  127  9:44  Barracks  
  129  9:46  Barracks  
  129  9:48  Medivac  
  129  9:50  Marine x4  
  129  9:51  Command Center  
  134  9:59  Supply Depot x2  
  134  10:01  SCV x2  
  134  10:02  SCV  
  134  10:04  Siege Tank, Marine  
  141  10:07  Marine  
  142  10:15  Barracks Reactor  
  142  10:16  Barracks Reactor  
  142  10:19  SCV x3  
  142  10:20  Command Center  
  145  10:24  Supply Depot x2  
  145  10:27  Medivac  
  145  10:28  Sensor Tower  
  147  10:32  Medivac  
  145  10:42  SCV x3  
  135  10:48  Siege Tank  
  135  10:49  Barracks Reactor x3  
  137  10:59  Marine x4  
  123  11:10  Medivac  
  123  11:11  Medivac, Marine x4  
  114  11:17  SCV x3, Marine  
  123  11:19  Marine x3  
  123  11:23  Siege Tank  
  128  11:26  Marine x2  
  128  11:27  Marine x3  
  128  11:29  Factory, Marine x4  
  128  11:30  Barracks Reactor  
  137  11:34  SCV x3  
  137  11:38  Marine x5  
  145  11:42  Medivac  
  145  11:44  Medivac  
  149  11:51  Marine x6  
  149  11:52  Marine x2  
  157  11:59  Planetary Fortress  
  157  12:01  Marine x4  
  157  12:02  Marine  
  157  12:05  Siege Tank  
  165  12:10  Marine x5  
  165  12:11  Marine  
  165  12:15  Supply Depot  
  171  12:18  Marine x4  
  171  12:19  Marine  
  171  12:20  Siege Tank  
  179  12:36  Liberator x2, Marine x10  
  195  12:37  Siege Tank, Marine  
  195  12:39  Marine  
  195  12:43  Terran Infantry Weapons Level 3  
  200  12:50  Terran Infantry Armor Level 3  
  197  12:54  Marine x4  
  197  12:55  Marine x3  
  194  13:03  Marine x6  
  183  13:10  Marine  
  150  13:26  Marine x11  
  148  13:35  Medivac  
  148  13:36  Medivac, Siege Tank  
  148  13:39  SCV  
  148  13:40  SCV  
  153  13:42  SCV x2  
  153  13:43  Marine  
  154  13:51  SCV  
  154  13:52  SCV, Marine x4  
  154  13:54  SCV x2  
  162  14:03  Marine  
  162  14:04  Marine x7  
  167  14:10  Marine  
  167  14:14  Siege Tank  
  165  14:22  Marine  
  165  14:23  Marine x6  
  169  14:25  Marine x4  
  169  14:27  SCV x3  
  169  14:28  SCV, Marine  
  166  14:34  Medivac, Siege Tank  
  166  14:35  Medivac  
  164  14:40  Marine  
  165  14:48  SCV x2  
  165  14:52  Refinery  
  167  14:56  Marine x5  
  167  14:58  Command Center  
  172  15:02  Refinery x2  
  172  15:05  Siege Tank  
  172  15:19  Marine x10  
  147  15:38  Liberator x2  
  136  15:43  Marine  
  136  15:44  Marine x4  
  136  15:47  Marine  
  122  15:59  Marine  
  122  16:00  Marine x4  
  122  16:02  Marine  
  106  16:08  Marine x3  
  106  16:15  Planetary Fortress  
  106  16:20  Marine x2  
  108  16:36  Marine x5  
  108  16:48  Liberator  
  111  16:55  Marine x4  
  111  16:59  Orbital Command  
  111  17:00  Marine  
  111  17:01  Marine  
  117  17:06  Marine x4  
  121  17:13  Marine x2  
  120  17:17  Medivac  
  120  17:22  SCV  
  123  17:33  Marine x6  
  123  17:34  SCV  
  134  17:46  SCV  
Tags
 
Add a new tag
Caveats
  • Supply blocks, unpowered buildings, or Contaminate may cause inaccurate times.
  • Supply counts are checked every 10 seconds.